 Dungeon Crawl Stone Soup version 0.30.1-11-g7821555f0a (webtiles) character file.

Game seed: 14157997186420741037

22 jagang the Slasher (level 2, -9/25 HPs)
             Began as a Barachi Monk on Dec 15, 2023.
             Mangled by Crazy Yiuf
             ... wielding a +2 quarterstaff of chaos
              (11 damage)
             ... on level 2 of the Dungeon.
             The game lasted 00:01:34 (1039 turns).

jagang the Slasher (Barachi Monk)                   Turns: 1039, Time: 00:01:34

Health: -9/25      AC:  6    Str: 12    XL:     2   Next: 91%
Magic:  2/2        EV:  9    Int: 10    God:
Gold:   88         SH:  0    Dex: 14    Spells: 1/1 levels left

rFire   . . .        a - +0 falchion
rCold   . . .        d - orb {light}
rNeg    . . .        k - +0 scale mail
rPois   .            (no helmet)
rElec   .            (no cloak)
rCorr   .            (no gloves)
SInv    .            (no boots)
Will    .....        (no amulet) Stlth
                     (no ring)
HPRegen 0.24/turn    (no ring)
MPRegen 0.08/turn

%: no passive effects
@: glowing, slow
A: amphibious, slowness 1, strong legs 1, +LOS
a: Hop


You were on level 2 of the Dungeon.
You visited 1 branch of the dungeon, and saw 2 of its levels.

You collected 88 gold pieces.

Inventory:

Hand Weapons
 a - a +0 falchion (weapon)
Missiles
 i - 6 poisoned darts
Armour
 b - a +0 robe
 d - an orb of light (worn)
 j - an orb of wrath
 k - a +0 scale mail (worn)
Jewellery
 e - a ring of ice
 l - a ring of fire
Scrolls
 f - a scroll of enchant armour {unknown}
 m - a scroll of fear {unknown}
 n - a scroll of teleportation {unknown}
Potions
 c - a potion of ambrosia
 g - a potion of berserk rage {unknown}
 h - 5 potions of brilliance {unknown}


   Skills:
 * Level 4.1 Fighting
 * Level 4.1 Long Blades
 + Level 1.1 Armour
 - Level 3.2 Dodging


You had one spell level left.
You didn't know any spells.
Your spell library was empty.

Dungeon Overview and Level Annotations

Branches:
Dungeon (2/15)

Altars:

Shops:
D:1 *

Annotations:
D:2 Crazy Yiuf


Innate Abilities, Weirdness & Mutations

You are amphibious.
You cover ground slowly.
You can hop short distances.
You have an extended range of vision and can be seen from far away.


Message History

The hobgoblin is severely wounded.
The hobgoblin completely misses you.
You hit the hobgoblin.
You kill the hobgoblin!
No target in view!
HP restored.
You now have 88 gold pieces (gained 10).
Found a stone staircase leading down.
Found a leather armour.
A giant cockroach comes into view.
The giant cockroach bites you but does no damage.
You hit the giant cockroach but do no damage.
The giant cockroach bites you but does no damage.
You hit the giant cockroach.
The giant cockroach is moderately wounded.
The giant cockroach bites you but does no damage. x2
You hit the giant cockroach.
You kill the giant cockroach!
No target in view!
You see here a +0 leather armour.
There is a stone staircase leading up here.
Found a hammer.
Found a runed translucent door.
Crazy Yiuf shouts!
You open the door.
Crazy Yiuf says, "Snower!"
You completely miss Crazy Yiuf.
Crazy Yiuf hits you with a +2 quarterstaff of chaos!
You hit Crazy Yiuf but do no damage.
Crazy Yiuf hits you with a +2 quarterstaff of chaos.
You hit Crazy Yiuf but do no damage. Crazy Yiuf closely misses you.
You barely miss Crazy Yiuf.
Crazy Yiuf yells, "Race sing ragdoll!"
Crazy Yiuf hits you with a +2 quarterstaff of chaos!
Ouch! That really hurt!
* * * LOW HITPOINT WARNING * * *
You resist with significant effort.
You hit Crazy Yiuf.
Crazy Yiuf is moderately wounded.
Crazy Yiuf hits you with a +2 quarterstaff of chaos!
You die...

#....#
#.###.## ##
##..##
#.##...###.
♣..PP♣
#..........
♣♣...♣
####...####
♣♣.♣♣
#####.## #
♣♣.♣
##...#.# #
♣.♣♣
#....#.#####
♣♣.♣
##...#......
♣@♣♣
##.##......
#g#
#.##.#####
... #.##.#
#...# #.##.#
#)..# #....#
##### ####.#
#.# #.#####
#......


You could see Crazy Yiuf.

Vanquished Creatures
  2 endoplasms (D:1)
  2 giant cockroaches (D:2)
  A goblin (D:1)
  3 hobgoblins
  2 quokkas (D:1)
  2 ball pythons (D:1)
  A bat (D:1)
  2 frilled lizards (D:1)
  3 kobolds (D:1)
  2 rats
20 creatures vanquished.

Notes
Turn   | Place    | Note
-------+----------+-------------------------------------------
     0 | D:1      | jagang the Barachi Monk began the quest for the Orb.
     0 | D:1      | Reached XP level 1. HP: 18/18 MP: 1/1
    95 | D:1      | Found Jamiwiso's General Store.
   192 | D:1      | Reached XP level 2. HP: 8/25 MP: 2/2
   342 | D:1      | You fall into a shaft and drop 1 floor!
   368 | D:2      | Reached skill level 1 in Armour
  1030 | D:2      | Found a runed translucent door.
  1031 | D:2      | Noticed Crazy Yiuf
  1039 | D:2      | Mangled by Crazy Yiuf

Illustrated notes

Levels and vault maps discovered:
D:1:      lemuel_arrival_rhombus, layout_loops_ring, serial_shops,
          nicolae_shop_hallway_stairs, minmay_misc_feat_iff
D:2:      layout_loops_ring, serial_shops, nicolae_shop_waterfront,
          uniq_crazy_yiuf_cottage, uniq_natasha

Skill      XL: |  1  2 |
---------------+-------+-----
Fighting       | 4 |  4.1
Long Blades    | 4 |  4.1
Armour         | 1 |  1.1
Dodging        | |  3.2

Action                     || total
---------------------------++-------
  Melee: Falchion          ||    52
 Armour: Robe              ||    10
         Scale mail        ||     6
  Dodge: Dodged            ||    27
